 Dungeon Crawl Stone Soup version 0.29.1-13-g9f3cf754e1 (webtiles) character file.

Game seed: 16424391538631518111

494 LSt the Slasher (level 6, -4/56 HPs)
             Began as a Draconian Gladiator on Feb 8, 2023.
             Killed by nerve-wracking pain
             ... invoked by Menkaure
              (11 damage)
             ... on level 4 of the Dungeon.
             The game lasted 00:21:17 (5393 turns).

LSt the Slasher (Draconian Gladiator)               Turns: 5393, Time: 00:21:18

Health: -4/56      AC: 13    Str: 17    XL:     6   Next: 92%
Magic:  6/6        EV: 12    Int:  8    God:
Gold:   286        SH:  0    Dex: 14    Spells: 5/5 levels left

rFire   . . .      SeeInvis .   a - +0 long sword
rCold   . . .      Faith    .   (no shield)
rNeg    . . .      Spirit   .   (body armour unavailable)
rPois   .          Reflect  .   f - +0 hat
rElec   .          Harm     .   (no cloak)
rCorr   .          Rampage  .   t - +2 pair of gloves
Will    +....                   (no boots)
Stlth   ++........              (no amulet)
HPRegen 0.18/turn               K - ring of willpower
MPRegen 0.10/turn               I - +4 ring of protection

@: no status effects
A: AC +6, unfitting armour, cold-blooded
a: no special abilities


You were on level 4 of the Dungeon.
You visited 1 branch of the dungeon, and saw 4 of its levels.

You collected 286 gold pieces.

Inventory:

Hand Weapons
 a - a +0 long sword (weapon)
 b - a +0 dagger
 j - a +0 war axe
 l - a +0 mace
 q - a +0 hand axe
 w - a +1 flail of holy wrath
 C - a +0 sling of flaming
 J - a +0 trident
Missiles
 c - 3 throwing nets
 d - a javelin
 g - 26 stones (quivered)
 y - 8 boomerangs
Armour
 f - a +0 hat (worn)
 t - a +2 pair of gloves (worn)
Jewellery
 i - a ring of wizardry
 x - a ring of flight
 G - an amulet of faith
 I - a +4 ring of protection (right hand)
 K - a ring of willpower (left hand)
Wands
 u - a wand of flame (7)
 A - a wand of charming (5)
Scrolls
 e - 2 scrolls of teleportation {unknown}
 n - a scroll of immolation {unknown}
 p - a scroll of magic mapping
 s - 2 scrolls of fear {unknown}
 z - a scroll of enchant armour {unknown}
 H - a scroll of amnesia
Potions
 h - a potion of cancellation
 k - a potion of magic
 m - a potion of haste {unknown}
 o - 4 potions of curing
 r - a potion of flight {unknown}
 v - a potion of lignification {unknown}
 B - 2 potions of heal wounds {unknown}
 D - a potion of might {unknown}
 E - a potion of attraction {unknown}
 F - a potion of mutation {unknown}


   Skills:
 + Level 5.3 Fighting
 * Level 6.0 Long Blades
 - Level 1.7 Throwing
 - Level 2.6 Dodging
 - Level 2.0 Stealth


You had 5 spell levels left.
You didn't know any spells.
Your spell library contained the following spells:

 Spells                   Type           Power      Damage    Failure   Level
 Magic Dart               Conj           0%         1d3       41%         1
 Searing Ray              Conj           0%         2d4       54%         2
 Confusing Touch          Hex            0%         N/A       78%         3
 Conjure Flame            Conj/Fire      0%         6-21      78%         3
 Ignite Poison            Fire/Tmut/Pois 0%         N/A       78%         3
 Inner Flame              Hex/Fire       0%         N/A       78%         3
 Portal Projectile        Hex/Tloc       0%         N/A       78%         3
 Summon Guardian Golem    Hex/Summ       0%         N/A       78%         3
 Tukima's Dance           Hex            0%         N/A       78%         3
 Cause Fear               Hex            0%         N/A       99%         4
 Fulminant Prism          Conj/Hex       0%         3d6       99%         4
 Sticky Flame             Conj/Fire      0%         2d3       99%         4
 Blade Hands              Tmut           0%         N/A       100%        5
 Yara's Violent Unravell  Hex/Tmut       0%         3d3       100%        5
 Enfeeble                 Hex            0%         N/A       100%        7
 Orb of Destruction       Conj           0%         9d5       100%        7
 Spellforged Servitor     Conj/Summ      0%         N/A       100%        7
 Discord                  Hex            0%         N/A       100%        8


Dungeon Overview and Level Annotations

Branches:
Dungeon (4/15)
 Temple: D:4-7

Altars:
Ru
Yredelemnul
The Shining One

Annotations:
D:4 Menkaure


Innate Abilities, Weirdness & Mutations

Your plain brown scales are hard. (AC +6)
You cannot fit into any form of body armour.
You are cold-blooded and may be slowed by cold attacks.


Message History

Your Fighting skill increases to level 5!
Your Long Blades skill increases to level 6!
You now have 272 gold pieces (gained 13).
K - a ring of willpower You now have 286 gold pieces (gained 14).
You're wearing all the rings you can.
Remove which one? (? for menu, Esc to cancel) < or
i - a ring of wizardry; > or
I - a +4 ring of protection You remove your ring of wizardry.
K - a ring of willpower (left hand)
There is an open translucent gate here.
There is an open door here.
There is an open door here.
There is an open door here.
Really walk into a travel-excluded area?
Press: ? - help, v - describe, . - travel
Here: Menkaure (dormant)
The floor.
Menkaure hits you.
You hit Menkaure but do no damage.
Menkaure casts a spell.
Menkaure seems to speed up.
You hit Menkaure but do no damage. You tail-slap Menkaure.
Menkaure is lightly damaged.
Menkaure hits you!
You slash Menkaure!
Menkaure is moderately damaged.
Menkaure hits you.
You hit Menkaure.
Menkaure is severely damaged.
Menkaure hits you! Menkaure barely misses you.
You barely miss Menkaure.
Menkaure is severely damaged.
Menkaure hits you!
* * * LOW HITPOINT WARNING * * *
You hit Menkaure.
Your tail-slap misses Menkaure.
Menkaure is severely damaged.
Menkaure casts a spell at you. Pain shoots through your body!
You die...

##.....## ##...# #.#
##...## ###.# #.#
##'## #.# ##.## #.#
#.# ##.#.# #####.##
#.# #.###. #......#
#[# #..#.. ##.##...##
#.# #.#.##
.........##########.#
#.#.#
.#.#............@M..#
#.#.#
.....#..#############
#.#.## .#.###..#
#..... .#......#
###.## ...)...## #...
######## ####


You could see Menkaure (fast).

Vanquished Creatures
  The ghost of vvl the Sneak, an amateur OpEE (D:4)
  2 scorpions (D:4)
  An orc priest (D:4)
  An orc wizard (D:3)
  Terence (D:2)
  A hound zombie (D:4)
  Robin (D:4)
  3 adders
  An adder zombie (D:4)
  3 worms
  5 dart slugs
  9 orcs
  7 bats
  8 endoplasms
  8 giant cockroaches
  13 goblins
  11 hobgoblins
  10 jackals
  3 quokkas (D:1)
  7 ball pythons
  4 frilled lizards
  4 kobolds
104 creatures vanquished.

Notes
Turn   | Place    | Note
-------+----------+-------------------------------------------
     0 | D:1      | LSt the Draconian Gladiator began the quest for the Orb.
     0 | D:1      | Reached XP level 1. HP: 17/17 MP: 1/1
   203 | D:1      | Reached XP level 2. HP: 16/24 MP: 2/2
   358 | D:1      | Reached skill level 1 in Stealth
  1087 | D:1      | Reached skill level 4 in Long Blades
  1172 | D:2      | Reached XP level 3. HP: 28/29 MP: 3/3
  1552 | D:2      | Found a sacrificial altar of Ru.
  1749 | D:2      | Noticed Terence
  2045 | D:2      | Reached XP level 4. HP: 33/37 MP: 4/4
  2225 | D:2      | Killed Terence
  2561 | D:3      | Found a faded altar of an unknown god.
  2852 | D:3      | Reached XP level 5. HP: 46/46 MP: 5/5
  2857 | D:3      | Found a glowing golden altar of the Shining One.
  3284 | D:3      | Reached skill level 5 in Long Blades
  3807 | D:4      | Found a runed translucent gate.
  3807 | D:4      | Found a runed translucent gate.
  3807 | D:4      | Found a runed translucent gate.
  3807 | D:4      | Noticed vvl's ghost (amateur OpEE)
  3822 | D:4      | Found a basalt altar of Yredelemnul.
  4241 | D:4      | Reached XP level 6. HP: 34/53 MP: 6/6
  4695 | D:4      | Noticed Menkaure
  4703 | D:4      | Noticed Robin
  4844 | D:4      | Killed Robin
  5328 | D:4      | Killed vvl's ghost
  5329 | D:4      | Reached skill level 5 in Fighting
  5329 | D:4      | Reached skill level 6 in Long Blades
  5393 | D:4      | Killed from afar by Menkaure

Illustrated notes

Levels and vault maps discovered:
D:1:      amcnicky_arrival_double_pillar, layout_basic, minmay_quantized
D:2:      layout_basic, basic_altar, minmay_misc_feat_chi, uniq_terence
D:3:      layout_basic, nicolae_tso_carved_into_rock,
          shapermc_ecumenical_altar_totnotflames
D:4:      layout_loops_corners, nicolae_yredelemnul_ghost_church,
          minmay_joined_circles, uniq_menkaure, uniq_robin

Skill      XL: |  1  2  3  4  5  6 |
---------------+-------------------+-----
Stealth        | 1 2 |  2.0
Long Blades    | 4 5 6 |  6.0
Fighting       | 3 4 5 |  5.3
Throwing       | |  1.7
Dodging        | |  2.6

Action                   |  1- 3 |  4- 6 || total
-------------------------+-------+-------++-------
Melee: Long sword        |   111 |   210 ||   321
       Tailslap          |    14 |    34 ||    48
       Punch             |     1 |     4 ||     5
       Dagger            |       |     1 ||     1
Throw: Stone             |     3 |    14 ||    17
  Use: Scroll            |     3 |     3 ||     6
 Stab: Sleeping          |     3 |     3 ||     6
Armor: Skin              |    34 |    76 ||   110
Dodge: Dodged            |    68 |    93 ||   161
